junglejim, lawful male dwarven Caveman --- ----- -------- .+ +.... |..-...| -------- |.| |.... |..|...| |......| +.----+-----....----+--+-----....######.......| |...............................| |......| |.-|-----+--.......-|----|---...| |....<.| .| |......{|....|...|...| |......| |.| |.......|....|%](|...| |......| |.----+-----.......|.._.|%%%|...| -------- -.............{....|....|%%%|...| |.-------+-------.----------|...| |.| %["| |(((.|.| |...| |haa/""| |(((.-.+ +...| |.| %%%| |(((.|.| |...| |.---------------.-----------...| |...............................| --------------------------------- junglejim the Young Cave Man Experience level: 6 Strength: 18/02 Dexterity: 19 Constitution: 16 Intelligence: 6 Wisdom: 9 Charisma: 6 Health: 0(50) Energy: 10(10) Def: 2 Gold: 0 Moves: 4874 Dungeon seed: ztrBIovYwnVWY-uJ Game ID: junglejim_1432573758 Your Inventory: Weapons a - an uncursed +1 club (weapon in hand) b - an uncursed +2 sling (alternate weapon; not wielded) Armor q - an uncursed +0 leather armor (being worn) Comestibles c - an uncursed tripe ration h - an uncursed carrot z - an uncursed lichen corpse J - an uncursed eucalyptus leaf O - 2 uncursed food rations R - an uncursed sprig of wolfsbane S - an uncursed tin of gnome meat Scrolls g - a blessed scroll of remove curse named (80) x - an uncursed scroll of gold detection named (100) G - an uncursed scroll of charging named (300) L - an uncursed scroll of confuse monster named (100) T - an uncursed scroll of light Potions f - an uncursed potion of object detection i - an uncursed potion of speed named (200) v - a cursed potion of oil K - an uncursed potion of booze named ~ U - an uncursed potion of booze W - an uncursed potion of enlightenment X - an uncursed potion of see invisible Z - a blessed potion of enlightenment Rings s - an uncursed +0 ring of adornment named # D - an uncursed ring of teleport control named (300) Wands m - an uncursed wand of undead turning named (150) (0:3) u - an uncursed wand of undead turning (0:6) w - an uncursed wand of enlightenment (0:10) y - an uncursed wand of polymorph (0:2) V - an uncursed wand of striking (0:5) Tools d - an uncursed can of grease (0:22) e - an uncursed lock pick l - a blessed magic lamp (lit) p - an uncursed can of grease (0:6) t - an uncursed towel B - an uncursed sack F - an uncursed can of grease (0:5) Gems k - 29 uncursed flint stones (in quiver) n - an uncursed worthless piece of green glass r - an uncursed garnet stone N - an uncursed touchstone Contents of the sack: 731 gold pieces an uncursed ring of polymorph control Spells known in the end: Name Level Category Fail Memory Your skills at the end: Fighting Skills bare handed combat [Basic] Weapon Skills club [Skilled] sling [Basic] Spellcasting Skills Final Attributes: You were fervently aligned. You were telepathic. You had infravision. You are dead. Vanquished creatures: a small mimic a leprechaun an orc mummy a dog 2 fire ants an orc shaman a rock mole a fog cloud a yellow light a shrieker a kobold mummy a gray ooze 2 giant ants a little dog 2 floating eyes a rothe a monkey 3 dwarf zombies a werejackal 3 iguanas 4 killer bees a gas spore a hobbit 3 large kobolds 2 hobgoblins 2 giant rats 6 cave spiders 2 brown molds 9 gnomes 2 garter snakes 2 manes 3 geckos 11 jackals a fox 2 kobolds 2 goblins 3 sewer rats a grid bug 2 bats 5 lichens 2 kobold zombies 5 newts 98 creatures vanquished. Voluntary challenges: You used a wielded weapon 116 times, starting on turn 1. You read items or engraved 1 time, starting on turn 3722. You never genocided any monsters. You never polymorphed an object. You never changed form. You used no wishes. You never split a pudding. You never wrote Elbereth's name. You never violated your personal moral code. Dungeon overview: The Dungeons of Doom: levels 1 to 6 Level 1 a fountain a long staircase Level 2 (Mines) a fountain stairs to The Gnomish Mines Level 3 a general store, a fountain, a sink Level 4 a fountain Level 5 a fountain Level 6 a fountain The Gnomish Mines: levels 3 to 6 Level 3 stairs to The Dungeons of Doom Level 4 Level 5 Level 6 <- You were here some shops, a temple to Anu, some fountains History has recorded: On T:1 you entered the Dungeons of Doom to retrieve the Amulet of Yendor! On T:329 you reached level 2 of The Dungeons of Doom. On T:354 you advanced to experience level 2. On T:388 you reached level 1 of The Gnomish Mines. On T:748 you reached level 3 of The Dungeons of Doom. On T:905 you advanced to experience level 3. On T:1388 you reached level 4 of The Dungeons of Doom. On T:1413 you reached level 5 of The Dungeons of Doom. On T:1434 you advanced to experience level 4. On T:2471 you advanced to experience level 5. On T:2785 you reached level 6 of The Dungeons of Doom. On T:3121 you advanced to experience level 6. On T:4100 you reached level 2 of The Gnomish Mines. On T:4374 you reached level 3 of The Gnomish Mines. On T:4730 you reached level 4 of The Gnomish Mines. Score breakdown: Gold: 731 ( 9744 points) Experience: 6 levels (12456 points) Exploration: 6 levels ( 13.33%) (10112 points) Discoveries: 11 items ( 3.74%) ( 5802 points) Valuables value: (no points given unless you survive) Artifact value: 0 ( 0 points) Variety of kills: 42 monsters ( 11.08%) ( 9986 points) Time penalty: 4874 turns (-1316 points) Survival: died (score multiplied by 80%) Total score: 37427 Latest messages: g - a blessed scroll labeled ELBIB YLOH named (80). x - an uncursed scroll labeled KERNOD WEL named (100). L - an uncursed scroll labeled PRIRUTSENIE named (100). G - an uncursed scroll labeled VELOX NEB named (300). U - an uncursed brown potion. K - an uncursed brown potion named ~. f - an uncursed cloudy potion. i - an uncursed magenta potion named (200). X - an uncursed murky potion. v - a cursed potion of oil. Z - a blessed purple-red potion. W - an uncursed purple-red potion. D - an uncursed jade ring named (300). s - an uncursed opal ring named #. u - an uncursed tin wand. m - an uncursed tin wand named (150). w - an uncursed wand of enlightenment. y - an uncursed wand of polymorph. V - an uncursed wand of striking. You hit the fire ant! The fire ant bites! You die... Final status: Goodbye junglejim the Caveman, killed by a fire ant... You died in The Gnomish Mines on dungeon level 6 with 37427 points, and 731 pieces of gold, after 4874 moves. You were level 6 with a maximum of 50 hit points when you died.